 Dungeon Crawl Stone Soup version 0.24.0-2-g5b39cebb1c (webtiles) character file.

Game seed: 18406717610845314740, levelgen mode: deterministic

9188 ventricule the Cleaver (level 11, -9/133 HPs)
             Began as a Hill Orc Monk on Oct 30, 2019.
             Was an Elder of Beogh.
             Mangled by Snorg (12 damage)
             ... on level 10 of the Dungeon.
             The game lasted 00:38:50 (11727 turns).

ventricule the Cleaver (Hill Orc Monk)             Turns: 11727, Time: 00:38:50

Health: -9/133     AC: 25    Str: 17    XL:     11   Next: 42%
Magic:  17/17      EV:  2    Int: 11    God:    Beogh [****..]
Gold:   471        SH:  4    Dex: 13    Spells: 7/12 levels left

rFire    + . .     SeeInvis .   w - +3 battleaxe (freeze) (curse)
rCold    + . .     Gourm    .   (shield currently unavailable)
rNeg     + + +     Faith    .   (armour currently unavailable)
rPois    +         Spirit   .   (helmet currently unavailable)
rElec    .         Reflect  +   (cloak currently unavailable)
rCorr    .         Harm     .   (gloves currently unavailable)
MR       .....     NoTele   +   (boots currently unavailable)
Stlth    ++........             k - +4 amulet of reflection
HPRegen  0.32/turn              F - ring of protection from fire
MPRegen  0.15/turn              I - ring of protection from cold

@: tree-form, studying 2 skills
A: no striking features
a: Smiting, Recall Orcish Followers, Renounce Religion


You were on level 10 of the Dungeon.
You worshipped Beogh.
Beogh was greatly pleased with you.
You were not hungry.
You were a tree.
You visited 1 branch of the dungeon, and saw 10 of its levels.

You collected 471 gold pieces.

Inventory:

Hand Weapons
 a - a +0 hand axe
 p - a -3 hand axe
 r - a +2 hand axe of flaming
 w - a cursed +3 battleaxe of freezing (weapon)
Missiles
 d - 48 poisoned darts
 n - 186 stones
 v - 8 boomerangs (quivered)
 y - 55 bolts
 Q - 119 arrows
Armour
 l - a +0 plate armour (melded)
 m - a +1 pair of boots (melded)
 o - a +3 ring mail
 s - a +1 ring mail of poison resistance {rPois}
 u - a +2 helmet (melded)
 x - a +0 scale mail
 E - a +0 chain mail
Jewellery
 b - an uncursed amulet of faith {unknown}
 g - a cursed ring of stealth {Stlth+}
 i - an uncursed amulet of regeneration {unknown}
 j - an uncursed ring of stealth {Stlth+}
 k - a +4 amulet of reflection (around neck)
 B - a +2 amulet of reflection
 C - an uncursed ring of resist corrosion
 F - a ring of protection from fire (left branch)
 I - a ring of protection from cold (right branch)
 S - an uncursed ring of see invisible
Wands
 z - a wand of polymorph (15)
 A - a wand of disintegration (7)
 G - a wand of iceblast (18)
Scrolls
 f - a scroll of fog
 D - 2 scrolls of amnesia
Potions
 h - 2 potions of haste
 q - 2 potions of curing
 t - 2 potions of mutation {!q}
Books
 H - a manual of Air Magic {!d}
 J - a manual of Throwing {!d}
Comestibles
 e - 9 rations


   Skills:
 - Level 5.7 Fighting
 + Level 13.1 Axes
 - Level 5.0 Throwing
 + Level 10.6 Armour
 - Level 2.6 Dodging
 - Level 1.5 Stealth
 - Level 1.0 Spellcasting
 + Level 0.0 Conjurations
 - Level 4.1 Transmutations
 + Level 0.0 Fire Magic
 - Level 1.0 Air Magic
 + Level 8.5 Invocations


You had 7 spell levels left.
You knew the following spells:

 Your Spells              Type           Power        Failure   Level  Hunger
c - Conjure Flame         Conj/Fire      #.......     67%         3    ####...
s - Sticks to Snakes      Tmut           #.......     9%          2    ###....

Your spell library contained the following spells:

 Spells                   Type           Power        Failure   Level  Hunger
 Beastly Appendage        Tmut           #.....       6%          1    ##.....
 Animate Skeleton         Necr           N/A          32%         1    ##.....
 Apportation              Tloc           #.....       32%         1    ##.....
 Confusing Touch          Hex            #.....       32%         1    ##.....
 Flame Tongue             Conj/Fire      #....        32%         1    ##.....
 Summon Small Mammal      Summ           #...         32%         1    ##.....
 Spider Form              Tmut/Pois      #.........   38%         3    ####...
 Throw Flame              Conj/Fire      #.....       43%         2    ###....
 Confuse                  Hex            #.......     67%         3    ####...
 Gell's Gravitas          Tloc           #.........   67%         3    ####...
 Inner Flame              Hex/Fire       #.......     67%         3    ####...
 Ice Form                 Ice/Tmut       #.......     80%         4    #####..
 Petrify                  Tmut/Erth      #.......     80%         4    #####..
 Blade Hands              Tmut           #.........   86%         5    ######.
 Sticky Flame             Conj/Fire      #.......     97%         4    #####..
 Yara's Violent Unravell  Hex/Tmut       #.........   98%         5    ######.
 Fireball                 Conj/Fire      #.........   100%        5    ######.
 Metabolic Englaciation   Hex/Ice        #.........   100%        5    ######.


Dungeon Overview and Level Annotations

Branches:
Dungeon (10/15)            Temple (0/1) D:7            Lair (0/6) D:10
    Orc: D:9-12

Altars:
Okawaru
Uskayaw
Vehumet

Shops:
D:7 =   D:9 :

Annotations:
D:7 exclusion: downstairs
D:9 1 exclusion
D:10 Snorg


Message History

Snorg resists with almost no effort.
You take 40 damage, and have 17/89 hp.
MASSIVE DAMAGE!!
Okay, then.
Really quaff
c - a potion of lignification {!q}?
Really quaff the potion of lignification?
You turn into a tree.
Your +2 helmet melds into your body.
Your +1 pair of boots melds into your body.
Your +0 plate armour melds into your body.
Your roots penetrate the ground.
Snorg bites Bogbrand!
Snorg claws Bogbrand!!
Bogbrand dies!
You now have 26/133 hp.
You slash Snorg! You freeze Snorg. Snorg bites you!
* * * LOW HITPOINT WARNING * * *
Snorg claws you!
* * * LOW HITPOINT WARNING * * *
Snorg claws you!
* * * LOW HITPOINT WARNING * * *
Snorg bites you!
You die...

........#######
..............#
.######.......#
#.......#
#.......#
#.......#
#.......#
#.......#
#♣......#
.......T).....#
###############


You could see Snorg (berserk).

Levels and vault maps discovered:
D:1:      nagdon_arrival_double_spiral, layout_basic
D:2:      layout_basic, eino_tiny_chamber, minmay_split_cup_small
D:3:      layout_basic, first_ration, okawaru_ov_weapons_minmay, uniq_robin
D:4:      layout_basic, uniq_grinder
D:5:      layout_rooms, nicolae_overflow_hidden_temple,
          minmay_misc_feat_diagonals
D:6:      layout_layer_cave, basic_altar, uniq_edmund, uniq_menkaure
D:7:      layout_loops_ring, minmay_temple_entry_glassed_door, serial_shops,
          nicolae_shop_window_shopping, minmay_manual_mess, uniq_harold
D:8:      layout_basic, uniq_psyche
D:9:      minmay_the_grid_triangle_9x9_rhombus_thin
          [minmay_the_grid_triangle_9x9_flanged_cone,
          minmay_the_grid_triangle_9x9_prize_center,
          minmay_the_grid_triangle_9x9_corruption,
          minmay_the_grid_triangle_9x9_corrupted_corridor],
          layout_loops_corners, serial_shops, nicolae_shop_crystal
D:10:     layout_long_grid, due_lair_maze_entry_diamond, uniq_snorg

Notes
Turn   | Place    | Note
-------+----------+-------------------------------------------
     0 | D:1      | ventricule the Hill Orc Monk began the quest for the Orb.
     0 | D:1      | Reached XP level 1. HP: 19/19 MP: 1/1
   260 | D:1      | Identified a +0 dagger
   261 | D:1      | Identified a +0 club
   272 | D:1      | Reached XP level 2. HP: 26/27 MP: 2/2
   313 | D:1      | Identified a +0 dagger
   336 | D:1      | Identified a +0 scale mail (You found it on level 1 of the
                  | Dungeon)
   413 | D:1      | Identified a +0 dagger
   423 | D:1      | Identified a +0 dagger
   554 | D:1      | Identified a +0 dagger
   570 | D:1      | Reached skill level 1 in Armour
   570 | D:1      | Reached XP level 3. HP: 28/33 MP: 3/3
   663 | D:1      | Identified a +0 dagger
   679 | D:1      | Identified a +0 dagger
  1129 | D:2      | Reached skill level 5 in Axes
  1135 | D:2      | Reached skill level 2 in Armour
  1135 | D:2      | Reached XP level 4. HP: 33/40 MP: 4/4
  1236 | D:2      | Identified a +0 pair of boots (You found it on level 2 of
                  | the Dungeon)
  1249 | D:2      | Identified a +0 short sword
  1501 | D:3      | Identified a +0 dagger
  1501 | D:3      | Identified a +0 mace
  1505 | D:3      | Identified a +0 mace
  1505 | D:3      | Identified a +0 leather armour
  1510 | D:3      | Identified a +0 spear
  1513 | D:3      | Identified a +0 falchion
  1513 | D:3      | Identified a +0 leather armour
  1515 | D:3      | Identified a +0 club
  1515 | D:3      | Identified an uncursed ring of protection from fire
  1595 | D:3      | Found an iron altar of Okawaru.
  1596 | D:3      | Identified a +0 scale mail
  1597 | D:3      | Identified a +0 dagger
  1599 | D:3      | Became a worshipper of Beogh the Brigand
  1599 | D:3      | Reached * piety under Beogh
  1599 | D:3      | Reached ** piety under Beogh
  1694 | D:3      | Identified a +0 club
  1694 | D:3      | Identified a +0 hunting sling of freezing
  2047 | D:3      | Reached skill level 1 in Invocations
  2051 | D:3      | Identified a +0 falchion
  2051 | D:3      | Identified a +0 animal skin
  2051 | D:3      | Identified a +2 helmet
  2051 | D:3      | Noticed Robin
  2051 | D:3      | Identified a +0 club
  2051 | D:3      | Identified a +0 club
  2056 | D:3      | Identified a +0 club
  2057 | D:3      | Identified a +0 dagger
  2061 | D:3      | Killed Robin
  2061 | D:3      | Reached XP level 5. HP: 46/46 MP: 5/5
  2061 | D:3      | Identified a +0 club
  2080 | D:3      | Identified a +0 club
  2120 | D:3      | Identified a +0 club
  2120 | D:3      | Identified a +0 hunting sling
  2415 | D:4      | Noticed Grinder
  2416 | D:4      | Identified a cursed -3 hand axe (You found it on level 2 of
                  | the Dungeon)
  2417 | D:4      | Identified 4 scrolls of identify
  2417 | D:4      | Identified a potion of curing
  2418 | D:4      | Identified a scroll of magic mapping
  2418 | D:4      | Paralysed by Grinder for 4 turns
  2422 | D:4      | Identified a scroll of remove curse
  2423 | D:4      | Identified a +0 hand axe
  2424 | D:4      | Identified a scroll of amnesia
  2435 | D:4      | Paralysed by Grinder for 4 turns
  2566 | D:3      | Identified a potion of might
  2567 | D:3      | Identified a potion of lignification
  2568 | D:3      | Identified a potion of agility
  2610 | D:4      | Identified a +0 hand axe
  2610 | D:4      | Identified a +0 ring mail
  2610 | D:4      | Identified a +0 flail
  2610 | D:4      | Identified a +0 club
  2610 | D:4      | Identified a +0 hand axe
  2610 | D:4      | Identified a +0 morningstar
  2622 | D:4      | Reached skill level 3 in Armour
  2631 | D:4      | Identified a +0 helmet (You found it on level 4 of the
                  | Dungeon)
  2741 | D:4      | Identified a potion of mutation
  2764 | D:4      | Reached skill level 6 in Axes
  2764 | D:4      | Reached skill level 2 in Invocations
  2890 | D:4      | Reached XP level 6. HP: 51/52 MP: 6/8
  2961 | D:4      | Identified a +1 flail of crushing
  2961 | D:4      | Identified a +0 whip
  2961 | D:4      | Identified a +0 club
  3038 | D:3      | Identified an amulet of reflection (You found it on level 1
                  | of the Dungeon)
  3267 | D:4      | Reached *** piety under Beogh
  3487 | D:4      | Paralysed by Grinder for 4 turns
  3510 | D:4      | Killed Grinder
  3510 | D:4      | Reached skill level 4 in Armour
  3510 | D:4      | Reached skill level 4 in Invocations
  3510 | D:4      | Reached XP level 7. HP: 23/58 MP: 8/10
  3742 | D:5      | Entered Level 5 of the Dungeon
  3755 | D:5      | Reached skill level 7 in Axes
  4008 | D:5      | Identified a +0 trident
  4008 | D:5      | Identified a +0 ring mail
  4011 | D:5      | Identified a +0 whip
  4194 | D:5      | Identified a +0 flail
  4196 | D:5      | Identified a +0 flail
  4196 | D:5      | Identified a +1 flail of draining
  4205 | D:5      | Reached skill level 5 in Invocations
  4326 | D:5      | Identified a +0 dagger
  4326 | D:5      | Identified a +0 robe
  4362 | D:5      | Reached skill level 5 in Armour
  4586 | D:5      | Identified a +0 shortbow
  4871 | D:5      | Identified a +0 whip
  4871 | D:5      | Identified a +0 robe
  4872 | D:5      | Identified a +0 whip
  4873 | D:5      | Identified a +0 club
  4878 | D:5      | Reached XP level 8. HP: 65/66 MP: 12/12
  4879 | D:5      | Identified a +0 spear
  4882 | D:5      | Identified a +0 halberd
  4886 | D:5      | Reached skill level 8 in Axes
  4942 | D:5      | Found a hide-covered altar of Uskayaw.
  5033 | D:6      | Noticed Menkaure
  5047 | D:6      | Reached skill level 6 in Invocations
  5049 | D:6      | Killed Menkaure
  5051 | D:6      | Identified a +0 shortbow
  5153 | D:6      | Found a radiant altar of Vehumet.
  5157 | D:6      | Identified a +0 flail of protection
  5157 | D:6      | Identified a +0 scale mail
  5157 | D:6      | Noticed Edmund
  5174 | D:6      | Reached skill level 6 in Armour
  5182 | D:6      | Killed Edmund
  5264 | D:6      | Identified a +0 giant spiked club
  5276 | D:6      | Reached skill level 9 in Axes
  5276 | D:6      | Reached skill level 7 in Invocations
  5460 | D:6      | Identified a ring of resist corrosion (You found it on
                  | level 6 of the Dungeon)
  5493 | D:6      | Learned a level 2 spell: Sticks to Snakes
  5872 | D:7      | Identified a +0 dagger
  5872 | D:7      | Identified a +0 short sword
  5873 | D:7      | Identified a +0 mace
  5873 | D:7      | Identified a +0 chain mail
  5873 | D:7      | Identified a +0 club
  5873 | D:7      | Identified a +0 ring mail
  6034 | D:7      | Found Geikhl Urits's Jewellery Shoppe.
  6098 | D:7      | Identified a +0 dire flail
  6098 | D:7      | Identified a +1 ring mail of poison resistance
  6098 | D:7      | Noticed Harold
  6102 | D:7      | Noticed a troll
  6512 | D:7      | Noticed a komodo dragon
  6524 | D:7      | Found a staircase to the Ecumenical Temple.
  6544 | D:7      | Identified a +0 chain mail (You found it on level 7 of the
                  | Dungeon)
  6574 | D:7      | Reached skill level 1 in Spellcasting
  6574 | D:7      | Reached skill level 1 in Transmutations
  6574 | D:7      | Reached XP level 9. HP: 65/71 MP: 14/14
  6609 | D:7      | Identified a +2 hand axe of flaming (You found it on level
                  | 5 of the Dungeon)
  6965 | D:7      | Killed a troll
  6965 | D:7      | Identified a +0 troll leather armour
  6965 | D:7      | Reached skill level 7 in Armour
  7228 | D:8      | Identified a scroll of fog
  7229 | D:8      | Identified a scroll of immolation
  7256 | D:8      | Identified a +0 club
  7257 | D:8      | Identified a +0 spear
  7257 | D:8      | Identified a +0 flail
  7271 | D:8      | Identified a +4 whip
  7271 | D:8      | Identified a +0 robe
  7275 | D:8      | Identified a +0 whip
  7494 | D:7      | ventricule: ??lignification
  7494 | D:7      | beem: potion of lignification[1/2]: Causes temporary
                  | uncancellable (but cancellationable!) {tree form}.
  7494 | D:7      | ventricule: ??tree form
  7494 | D:7      | beem: tree form[1/3]: Immobile form with -Tele, +50% HP, 20
                  | + XL/2 AC, minimal EV, rN+++, rPois, torment immunity, and
                  | gives +12 base UC damage. Unlike statue form, tree form
                  | does NOT give rot or poison immunity.
  7526 | D:7      | Killed Harold
  7526 | D:7      | Reached skill level 10 in Axes
  7526 | D:7      | Reached skill level 8 in Armour
  7526 | D:7      | Reached skill level 2 in Transmutations
  7656 | D:8      | Identified a +2 dagger of distortion
  7656 | D:8      | Identified a +0 robe
  7656 | D:8      | Noticed Psyche
  7718 | D:8      | Identified a +0 club
  7718 | D:8      | Identified a +0 leather armour
  7718 | D:8      | Identified a +0 ring mail
  7719 | D:8      | Identified a +0 trident
  7719 | D:8      | Identified a +0 chain mail
  7727 | D:8      | Reached skill level 3 in Transmutations
  7733 | D:8      | meem: I'm meem, an infobot run by MalcolmRoseGaming: Type
                  | !submeem to keep me in your games; !nomeem to shut me up
                  | forever; !meem for help; !whymeem if you want to know why
                  | meem exists. Visit http://youtube.com/malcolmrosegaming for
                  | more DCSS content.
  7866 | D:8      | Identified a +0 giant club
  7866 | D:8      | Identified a +0 dire flail
  7866 | D:8      | Noticed a two-headed ogre
  8004 | D:7      | Reached skill level 4 in Fighting
  8082 | D:8      | Identified a cursed +0 ring mail
  8084 | D:8      | Identified a +0 flail
  8084 | D:8      | Identified a +0 halberd
  8084 | D:8      | Identified a +0 club
  8084 | D:8      | Identified a +0 leather armour
  8086 | D:8      | Identified a +0 flail
  8106 | D:8      | Identified a +0 spear
  8369 | D:8      | Reached **** piety under Beogh
  8372 | D:8      | Identified 2 potions of haste
  8421 | D:8      | Identified a +0 dagger
  8421 | D:8      | Identified a cursed -1 robe
  8421 | D:8      | Identified a +0 leather armour
  8421 | D:8      | Identified a +0 flail
  8421 | D:8      | Identified a +0 dagger
  8421 | D:8      | Identified a +0 robe
  8421 | D:8      | Identified a +0 trident
  8428 | D:8      | Reached skill level 11 in Axes
  8428 | D:8      | Reached XP level 10. HP: 70/80 MP: 15/15
  8436 | D:8      | Reached skill level 5 in Fighting
  8544 | D:8      | Identified a potion of heal wounds
  8545 | D:8      | Identified a potion of degeneration
  8547 | D:8      | Identified a ring of teleportation (You found it on level 6
                  | of the Dungeon)
  8590 | D:8      | Killed Psyche
  8608 | D:8      | Killed a two-headed ogre
  8608 | D:8      | Reached skill level 9 in Armour
  8608 | D:8      | Reached skill level 4 in Transmutations
  8753 | D:8      | Identified a scroll of enchant armour
  9233 | D:9      | Reached skill level 1 in Throwing
  9233 | D:9      | Reached skill level 1 in Air Magic
  9286 | D:9      | Identified a +0 falchion
  9286 | D:9      | Identified a +0 robe
  9295 | D:9      | Identified a +0 great sword
  9295 | D:9      | Identified a +0 robe
  9308 | D:9      | Identified a cursed +3 battleaxe of freezing
  9308 | D:9      | Identified a +0 robe
  9308 | D:9      | Identified a cursed -3 scimitar
  9308 | D:9      | Identified a +0 robe
  9415 | D:9      | Identified +0 steam dragon scales
  9415 | D:9      | Reached skill level 2 in Throwing
  9445 | D:9      | Identified a +0 short sword
  9449 | D:9      | Identified a +0 club
  9449 | D:9      | Identified a +0 whip
  9626 | D:9      | Identified a +0 mace
  9626 | D:9      | Identified a +0 plate armour
  9640 | D:9      | Reached skill level 3 in Throwing
  9739 | D:9      | Noticed a cyclops
  9739 | D:9      | Noticed a red ugly thing
  9745 | D:9      | Identified a +2 trident of venom
  9745 | D:9      | Identified a +0 shortbow
  9745 | D:9      | Identified +0 fire dragon scales
  9745 | D:9      | Identified a +4 ring of protection
  9748 | D:9      | Identified a +0 shortbow
  9748 | D:9      | Identified a cursed ring of stealth
  9752 | D:9      | Killed a red ugly thing
  9752 | D:9      | Reached skill level 12 in Axes
  9753 | D:9      | HP: 15/83 [cyclops/large rock (11)]
  9763 | D:9      | Killed a cyclops
  9763 | D:9      | Reached skill level 4 in Throwing
  9784 | D:9      | HP: 19/83 [centaur (3)]
  9790 | D:9      | Reached XP level 11. HP: 30/89 MP: 16/16
 10088 | D:9      | Identified a +0 giant club
 10094 | D:9      | Reached skill level 10 in Armour
 10123 | D:9      | Identified a +0 mace
 10123 | D:9      | Identified a +0 club
 10123 | D:9      | Identified a +0 scale mail
 10203 | D:9      | Identified a +0 whip
 10203 | D:9      | Identified a +4 trident of piercing
 10203 | D:9      | Identified a +0 ring mail
 10203 | D:9      | Identified a +0 whip
 10203 | D:9      | Identified a +0 flail
 10206 | D:9      | Identified a +0 club
 10220 | D:9      | Reached skill level 5 in Throwing
 10225 | D:9      | Found Baighif's Book Boutique.
 10359 | D:9      | Identified a +1 glaive of chopping
 10359 | D:9      | Identified a +0 plate armour
 10359 | D:9      | Identified a +0 dagger
 10359 | D:9      | Identified a +0 robe
 10363 | D:9      | Identified a +0 chain mail
 11004 | D:10     | Entered Level 10 of the Dungeon
 11012 | D:10     | Identified a ring of protection from cold (You found it on
                  | level 7 of the Dungeon)
 11039 | D:10     | Identified a +0 dagger
 11039 | D:10     | Noticed a deep elf mage
 11070 | D:10     | Killed a deep elf mage
 11070 | D:10     | Identified a +0 shortbow
 11082 | D:10     | Found a staircase to the Lair.
 11091 | D:10     | Reached skill level 8 in Invocations
 11100 | D:10     | Identified a cursed -2 hunting sling
 11100 | D:10     | Identified a +0 ring mail
 11101 | D:10     | Identified a +0 club
 11103 | D:10     | Identified a +0 dagger
 11103 | D:10     | Identified a +0 robe
 11104 | D:10     | Identified a +0 dagger
 11143 | D:10     | Identified a +0 dagger
 11143 | D:10     | Identified a +0 scale mail
 11143 | D:10     | Identified a +0 club
 11143 | D:10     | Identified a +0 leather armour
 11143 | D:10     | Identified a +0 dagger
 11143 | D:10     | Identified a +0 robe
 11150 | D:10     | Identified a +0 club
 11156 | D:10     | Identified a +0 buckler
 11156 | D:10     | Gained Bogbrand as an ally
 11161 | D:10     | Reached skill level 13 in Axes
 11166 | D:10     | Identified a +0 troll leather armour
 11438 | D:10     | Identified a ring of see invisible (You found it on level 1
                  | of the Dungeon)
 11449 | D:10     | Identified a scroll of teleportation
 11453 | D:10     | Identified a +3 morningstar of holy wrath
 11453 | D:10     | Identified a +0 shortbow
 11505 | D:10     | Paralysed by a hornet for 2 turns
 11563 | D:10     | Learned a level 3 spell: Conjure Flame
 11717 | D:10     | Noticed Snorg
 11725 | D:10     | HP: 17/89 [Snorg (8)]
 11726 | D:10     | Your ally Bogbrand died
 11727 | D:10     | HP: 3/133 [Snorg (9)]
 11727 | D:10     | Mangled by Snorg

Table legend:
 A = Turns spent in this place as a percentage of turns spent in the entire game.
 B = Non-inter-level travel turns spent in this place as a percentage of non-inter-level travel turns spent in the entire game.
 C = Inter-level travel turns spent in this place as a percentage of turns spent in this place.
 D = Turns resting spent in this place as a percentage of non-inter-level travel turns spent in this place.
 E = Turns spent auto-exploring this place as a percentage of non-inter-level travel turns spent in this place.
 F = Non-inter-level travel turns spent in this place divided by the number of levels of this place that you've seen.
                   A       B       C       D       E      F
               +-------+-------+-------+-------+-------+----------------------
         Total | 100.0 | 100.0 |   6.8 |  34.7 |  42.5 | 1092.4
       Dungeon | 100.0 | 100.0 |   6.8 |  34.7 |  42.5 | 1092.4
               +-------+-------+-------+-------+-------+----------------------

Table legend:
 A = Kills in this place as a percentage of kills in entire the game.
 B = Kills by you in this place as a percentage of kills by you in the entire game.
 C = Kills by friends in this place as a percentage of kills by friends in the entire game.
 D = Other kills in this place as a percentage of other kills in the entire game.
 E = Experience gained in this place as a percentage of experience gained in the entire game.
 F = Experience gained in this place divided by the number of levels of this place that you have seen.
                   A       B       C       D       E      F
               +-------+-------+-------+-------+-------+----------------------
         Total | 100.0 | 100.0 | 100.0 |   N/A | 100.0 | 1312.6
       Dungeon | 100.0 | 100.0 | 100.0 |   N/A | 100.0 | 1312.6
               +-------+-------+-------+-------+-------+----------------------

Skill      XL: |  1  2  3  4  5  6  7  8  9 10 11 |
---------------+----------------------------------+-----
Armour         | 1 2 3 4 5 6 8 9 10 | 10.6
Axes           | 5 6 7 9 11 12 13 | 13.1
Invocations    | 1 2 4 5 7 8 |  8.5
Spellcasting   | 1 |  1.0
Transmutations | 1 3 4 |  4.1
Fighting       | 4 5 |  5.7
Throwing       | 4 5 |  5.0
Air Magic      | 1 |  1.0
Dodging        | |  2.6
Stealth        | |  1.5

Action                   |  1- 3 |  4- 6 |  7- 9 | 10-12 || total
-------------------------+-------+-------+-------+-------++-------
Melee: Hand axe          |   118 |   225 |   439 |    99 ||   881
       Battleaxe         |       |       |       |   192 ||   192
Throw: Stone             |       |       |    17 |       ||    17
       Dart              |       |       |     6 |       ||     6
       Boomerang         |       |       |       |     2 ||     2
Invok: Convert to Beogh  |       |     1 |       |       ||     1
       Smiting           |       |     1 |     2 |     6 ||     9
       Recall Orcish Fol |       |       |       |     1 ||     1
Evoke: Wand              |       |       |       |     8 ||     8
  Use: Scroll            |       |     9 |     4 |     7 ||    20
       Potion            |       |     2 |     3 |     3 ||     8
 Stab: Distracted        |       |       |       |     1 ||     1
  Eat: Chunk             |     1 |     4 |     6 |     7 ||    18
       Ration            |       |     1 |     3 |     1 ||     5
Armor: Robe              |     5 |       |       |       ||     5
       Scale mail        |    46 |   111 |   125 |       ||   282
       Chain mail        |       |       |    63 |    93 ||   156
       Skin              |       |       |    12 |       ||    12
       Plate armour      |       |       |       |    68 ||    68
Dodge: Dodged            |    70 |   126 |   144 |    98 ||   438
Block: Other             |       |     5 |    58 |    41 ||   104
       Reflection        |       |       |     1 |     4 ||     5

Vanquished Creatures
  Harold (D:7)
  A two-headed ogre (D:8)
  An ugly thing (D:9)
  A deep elf mage (D:10)
  A centaur zombie (D:10)
  Psyche (D:8)
  2 trolls
  Grinder (D:4)
  2 hippogriffs (D:9)
  A wyvern (D:9)
  3 yaks (D:8)
  A steam dragon (D:9)
  A soldier ant (D:10)
  A porcupine (D:10)
  3 orc warriors
  2 phantoms
  A black bear (D:10)
  2 sky beasts
  An ice beast (D:9)
  2 ogres
  4 centaurs
  A crocodile (D:10)
  A big kobold (D:9)
  10 bullfrogs
  A gnoll sergeant (D:9)
  A scorpion (D:10)
  4 wights (D:9)
  A howler monkey (D:6)
  A crimson imp (D:8)
  A bullfrog zombie (D:5)
  7 hounds
  An orc priest (D:5)
  2 centaur skeletons (D:8)
  2 gnoll shamans
  2 bullfrog skeletons
  3 orc wizards
  3 iguanas
  3 worker ants
  6 hound skeletons
  2 hound zombies
  Robin (D:3)
  18 gnolls
  8 adders
  An ooze (D:2)
  2 adder skeletons
  A worm (D:2)
  4 dart slugs
  6 leopard geckos
  17 orcs
  A ball python (D:5)
  10 giant cockroaches
  16 goblins
  6 hobgoblins
  15 jackals
  A quokka (D:4)
  4 bats
  2 frilled lizards
  12 kobolds
  A leopard gecko zombie (D:5)
  8 rats
  7 fungi (D:10)
  8 plants (D:10)
234 creatures vanquished.

Vanquished Creatures (collateral kills)
  A cyclops (D:9)
  A hornet (D:10)
  A vampire mosquito (D:9)
  Menkaure (D:6)
  Edmund (D:6)
  A porcupine (D:10)
  An orc warrior (D:7)
  A phantom (D:5)
  An ice beast (D:6)
  2 centaurs
  2 bullfrogs
  A crimson imp (D:6)
  2 hounds
  An orc priest (D:10)
  2 orc wizards
  A bullfrog skeleton (D:5)
  A gnoll shaman (D:5)
  A worker ant (D:7)
  4 gnolls
  2 adders
  A shadow imp (D:6)
  A leopard gecko (D:6)
  4 orcs
  A quokka (D:6)
  A jackal zombie (D:6)
  3 fungi (D:10)
39 creatures vanquished.

Vanquished Creatures (others)
  An orc warrior (D:10)
  2 orc knights
  2 orc wizards
  An orc priest (D:10)
  9 orcs
  9 fungi (D:10)
  6 plants (D:10)
30 creatures vanquished.

Grand Total: 303 creatures vanquished
